 Dungeon Crawl Stone Soup version 0.24.0-13-gcf9b319 (webtiles) character file.

Game seed: 3438658456295988555, levelgen mode: deterministic

8716 Fortress the Destroyer (level 11, -1/92 HPs)
             Began as a Purple Draconian Conjurer on Jan 22, 2020.
             Was an Elder of Vehumet.
             Slain by a yak (13 damage)
             ... on level 1 of the Lair of Beasts.
             The game lasted 00:59:11 (10351 turns).

Fortress the Destroyer (Purple Draconian Conjurer) Turns: 10351, Time: 00:59:12

Health: -1/92      AC: 10    Str: 11    XL:     11   Next: 13%
Magic:  10/34      EV: 12    Int: 18    God:    Vehumet [****..]
Gold:   492        SH:  0    Dex: 12    Spells: 14/30 levels left

rFire    . . .     SeeInvis .   s - +2 short sword (venom)
rCold    . . .     Gourm    .   (no shield)
rNeg     . . .     Faith    .   (armour unavailable)
rPois    .         Spirit   .   (helmet restricted)
rElec    .         Reflect  .   n - +2 cloak
rCorr    .         Harm     .   (no gloves)
MR       +....                  (no boots)
Stlth    ++........             l - amulet of regeneration
HPRegen  0.65/turn              d - ring of wizardry
MPRegen  0.24/turn              A - ring of magical power

@: no status effects
A: breathe power, unfitting armour, cold-blooded, AC +7
a: Breathe Dispelling Energy, Renounce Religion


You were on level 1 of the Lair of Beasts.
You worshipped Vehumet.
Vehumet was greatly pleased with you.
You were not hungry.

You visited 2 branches of the dungeon, and saw 11 of its levels.

You collected 492 gold pieces.

Inventory:

Hand Weapons
 m - a +2 dagger of flaming
 s - a +2 short sword of venom (weapon)
 t - a +1 flail of protection
Missiles
 G - 4 atropa-tipped darts (quivered)
Armour
 n - a +2 cloak (worn)
 x - a scarf of repulsion
Magical Staves
 E - an uncursed staff of wizardry
Jewellery
 d - a ring of wizardry (left hand)
 l - an amulet of regeneration (around neck)
 p - a +2 ring of protection
 u - an uncursed ring of flight
 v - an uncursed ring of ice
 A - a ring of magical power (right hand)
Wands
 y - a wand of enslavement (4)
 I - a wand of disintegration (10)
Scrolls
 a - 3 scrolls of identify
 c - 5 scrolls of remove curse
 e - 5 scrolls of amnesia
 g - 3 scrolls of teleportation
 k - a scroll of blinking
 o - a scroll of immolation
 z - 2 scrolls of enchant armour
 C - 4 scrolls of magic mapping {unknown}
 F - a scroll of fog {unknown}
Potions
 f - 3 potions of might
 h - 3 potions of agility
 i - 4 potions of curing
 j - 2 potions of berserk rage
 q - 2 potions of ambrosia
 r - a potion of haste
 w - 4 potions of lignification
 B - a potion of magic {unknown}
 D - a potion of degeneration {unknown}
 H - a potion of mutation {unknown}
Comestibles
 b - 21 rations


   Skills:
 - Level 7.0 Fighting
 - Level 0.3 Short Blades
 - Level 2.0 Dodging
 - Level 2.0 Stealth
 + Level 10.4 Spellcasting
 - Level 11.0 Conjurations
 * Level 5.1 Hexes
 - Level 0.2 Charms
 * Level 6.8 Evocations


You had 14 spell levels left.
You knew the following spells:

 Your Spells              Type           Power        Failure   Level  Hunger
a - Magic Dart            Conj           ####         1%          1    None
b - Searing Ray           Conj           #####.       1%          2    None
c - Iskenderun's Mystic   Conj           #####...     1%          4    ###....
d - Dazzling Spray        Conj/Hex       #####.       1%          3    None
e - Confusing Touch       Hex            ####..       1%          1    None
f - Iskenderun's Battles  Conj/Chrm      ####....     2%          5    #####..

Your spell library contained the following spells:

 Spells                   Type           Power        Failure   Level  Hunger
 Sandblast                Erth           #.....       1%          1    None
 Confuse                  Hex            ####....     1%          3    None
 Stone Arrow              Conj/Erth      ####..       1%          3    None
 Force Lance              Conj/Tloc      ####....     1%          4    ###....
 Fulminant Prism          Conj/Hex       #####.....   1%          4    ###....
 Passwall                 Tmut/Erth      #.......     4%          2    None
 Gell's Gravitas          Tloc           #.........   9%          3    None
 Yara's Violent Unravell  Hex/Tmut       ###.......   9%          5    #####..
 Lee's Rapid Deconstruct  Erth           #.........   22%         5    #####..
 Petrify                  Tmut/Erth      #.......     28%         4    ###....
 Metabolic Englaciation   Hex/Ice        ###.......   28%         5    #####..


Dungeon Overview and Level Annotations

Branches:
Dungeon (10/15)            Temple (0/1) D:7            Lair (1/6) D:10
    Orc: D:9-12

Altars:
Ashenzari
Cheibriados
Fedhas
Gozag
Hepliaklqana
Kikubaaqudgha
Makhleb
Nemelex Xobeh
Okawaru
Sif Muna
Uskayaw
Vehumet
Zin


Innate Abilities, Weirdness & Mutations

You can breathe bolts of dispelling energy.
Your rich purple scales are hard. (AC +7)
You cannot fit into any form of body armour.
You are cold-blooded and may be slowed by cold attacks.


Message History

The yak gores you! The yak closely misses you.
The yak gores you but does no damage.
The searing ray hits the yak!
The yak is severely wounded.
The yak gores you! The yak gores you. The yak gores you!
The searing ray hits the yak!!
You kill the yak!
Vehumet accepts your kill. The yak barely misses you. The yak gores you.
* * * LOW HITPOINT WARNING * * *
The yak gores you but does no damage.
The searing ray hits the yak!
The yak is almost dead.
You finish channeling your searing ray.
The yak gores you!
* * * LOW HITPOINT WARNING * * *
The yak gores you but does no damage. x3
You feel better. The yak gores you!
* * * LOW HITPOINT WARNING * * *
The yak gores you!
You die...

########.............
#....^.........
##.............
#.............
#.............
#.....(.......
####.............
###.####.#..............
......Y@................
!.....YYY..####..#......
.........*.###..........
........................
........................
........................
...........P###..#.^....
...........## #..#......
... ####......


You could see 4 yaks and a friendly battlesphere.

Vanquished Creatures
  An ugly thing (D:10)
  Joseph (D:7)
  A spiny frog (Lair:1)
  A rime drake (Lair:1)
  A hippogriff (D:7)
  Sigmund (D:6)
  10 yaks
  A hungry ghost (D:9)
  2 hogs (D:8)
  A human (D:8)
  A basilisk (Lair:1)
  Edmund (D:5)
  3 ice beasts
  An orc warrior (D:7)
  4 sky beasts
  A necrophage (D:10)
  An ogre (D:7)
  A hornet zombie (D:9)
  An eye of draining (D:7)
  3 wolves (Lair:1)
  4 centaurs
  2 crocodiles (Lair:1)
  5 bullfrogs
  A gnoll sergeant (D:9)
  5 killer bees (D:7)
  3 scorpions
  5 howler monkeys
  7 crimson imps
  A bullfrog zombie (D:9)
  2 centaur zombies
  2 quasits
  6 orc priests
  8 hounds
  7 jellies
  8 orc wizards
  A bullfrog skeleton (D:4)
  3 iguanas
  Terence (D:2)
  6 worker ants
  A hound skeleton (D:9)
  Robin (D:4)
  12 gnolls
  A howler monkey skeleton (D:10)
  8 adders
  4 shadow imps
  2 adder zombies (D:6)
  3 adder skeletons
  2 worms
  A dart slug (D:4)
  3 leopard geckos
  12 orcs
  2 ball pythons
  4 giant cockroaches
  18 goblins
  5 hobgoblins
  9 jackals
  5 kobolds
  3 quokkas
  4 bats
  10 frilled lizards
  A jackal skeleton (D:4)
  A quokka zombie (D:6)
  8 rats
234 creatures vanquished.

Vanquished Creatures (others)
  A worm (D:3)
1 creature vanquished.

Grand Total: 235 creatures vanquished

Notes
Turn   | Place    | Note
-------+----------+-------------------------------------------
     0 | D:1      | Fortress the Draconian Conjurer began the quest for the
                  | Orb.
     0 | D:1      | Reached XP level 1. HP: 14/14 MP: 3/3
   367 | D:1      | Reached XP level 2. HP: 20/20 MP: 0/5
   989 | D:2      | Reached XP level 3. HP: 26/26 MP: 1/6
  1062 | D:2      | Reached skill level 5 in Conjurations
  1140 | D:2      | Found a snail-covered altar of Cheibriados.
  1214 | D:2      | Found an opulent altar of Gozag.
  1315 | D:2      | Noticed Terence
  1322 | D:2      | Killed Terence
  1322 | D:2      | Reached XP level 4. HP: 33/33 MP: 4/7
  1712 | D:3      | Found a radiant altar of Vehumet.
  1724 | D:3      | Became a worshipper of Vehumet
  1747 | D:3      | Learned a level 2 spell: Searing Ray
  1749 | D:3      | Found an ancient bone altar of Kikubaaqudgha.
  1749 | D:3      | Found a blossoming altar of Fedhas.
  2380 | D:3      | Reached XP level 5. HP: 35/38 MP: 0/9
  2709 | D:4      | Reached skill level 6 in Conjurations
  2798 | D:4      | Reached XP level 6. HP: 37/45 MP: 6/11
  3032 | D:5      | Entered Level 5 of the Dungeon
  3312 | D:4      | Reached * piety under Vehumet
  3312 | D:4      | Offered knowledge of Flame Tongue by Vehumet.
  3318 | D:4      | Learned a level 4 spell: Iskenderun's Mystic Blast
  3538 | D:4      | Your scales start taking on a rich purple colour.
  3538 | D:4      | Reached skill level 5 in Spellcasting
  3538 | D:4      | Reached XP level 7. HP: 50/50 MP: 4/15
  3696 | D:4      | Found a hazy altar of Hepliaklqana.
  3749 | D:4      | Noticed Robin
  3758 | D:4      | Killed Robin
  4133 | D:5      | Reached skill level 7 in Conjurations
  4212 | D:5      | Found a sparkling altar of Nemelex Xobeh.
  4707 | D:5      | Noticed Edmund
  4851 | D:5      | Killed Edmund
  4851 | D:5      | Reached XP level 8. HP: 48/57 MP: 14/18
  5133 | D:6      | Offered knowledge of Sandblast by Vehumet.
  5137 | D:6      | Reached skill level 1 in Fighting
  5137 | D:6      | Reached skill level 8 in Conjurations
  5170 | D:6      | Learned a level 3 spell: Dazzling Spray
  5231 | D:6      | Reached ** piety under Vehumet
  5233 | D:6      | Noticed Sigmund
  5242 | D:6      | Killed Sigmund
  5813 | D:6      | Reached skill level 9 in Conjurations
  5887 | D:6      | Found a shattered altar of Ashenzari.
  6391 | D:7      | Reached XP level 9. HP: 71/71 MP: 12/19
  6504 | D:7      | Reached skill level 10 in Conjurations
  6638 | D:7      | Noticed Joseph
  6656 | D:7      | Killed Joseph
  6884 | D:7      | Found a staircase to the Ecumenical Temple.
  7061 | D:7      | Reached skill level 5 in Fighting
  7199 | D:8      | Reached skill level 11 in Conjurations
  7208 | D:8      | Found an iron altar of Okawaru.
  7250 | D:8      | Reached skill level 1 in Evocations
  7259 | D:8      | Offered knowledge of Inner Flame by Vehumet.
  7572 | D:8      | Found a glowing silver altar of Zin.
  7949 | D:8      | Reached XP level 10. HP: 10/84 MP: 16/20
  8377 | D:9      | Learned a level 1 spell: Confusing Touch
  8403 | D:9      | Reached *** piety under Vehumet
  8527 | D:9      | Reached skill level 1 in Hexes
  8654 | D:9      | Reached skill level 5 in Evocations
  8668 | D:9      | Offered knowledge of Static Discharge by Vehumet.
  8758 | D:9      | Found a hide-covered altar of Uskayaw.
  8758 | D:9      | Found a burning altar of Makhleb.
  8977 | D:9      | Found a shimmering blue altar of Sif Muna.
  9223 | D:10     | Entered Level 10 of the Dungeon
  9344 | D:10     | Noticed a death yak
  9345 | D:10     | Noticed a death yak
  9346 | D:10     | Noticed a death yak
  9348 | D:10     | Noticed a death yak
  9348 | D:10     | Noticed a death yak
  9351 | D:10     | Noticed a death yak
  9352 | D:10     | Noticed a death yak
  9353 | D:10     | Noticed a death yak
  9355 | D:10     | Found a staircase to the Lair.
  9501 | D:10     | Reached **** piety under Vehumet
  9757 | D:10     | Offered knowledge of Iskenderun's Battlesphere by Vehumet.
  9764 | D:10     | Learned a level 5 spell: Iskenderun's Battlesphere
  9771 | D:10     | Noticed a white ugly thing
  9779 | D:10     | Killed a white ugly thing
  9886 | Lair:1   | Entered Level 1 of the Lair of Beasts
  9905 | Lair:1   | Noticed a spiny frog
  9912 | Lair:1   | Killed a spiny frog
 10043 | Lair:1   | Reached skill level 10 in Spellcasting
 10043 | Lair:1   | Reached XP level 11. HP: 45/92 MP: 20/25
 10219 | Lair:1   | Reached skill level 5 in Hexes
 10351 | Lair:1   | Slain by a yak

Levels and vault maps discovered:
D:1:      saegor_arrival_simple_d, layout_basic, minmay_octomino_j4
D:2:      layout_rooms, nicolae_gozag_seed_capital, cheibriados_altar_1,
          uniq_terence
D:3:      layout_loops_ring, grunt_temple_overflow_growth_and_decay,
          fiery_altar_vehumet, first_ration
D:4:      layout_rooms, old_standard_altar, uniq_robin
D:5:      layout_loops_ring, nicolae_overflow_hidden_temple, uniq_edmund
D:6:      layout_gridville, ashenzari_altar_1, uniq_sigmund
D:7:      kennysheep_big_flooded_room, layout_basic,
          minmay_temple_entry_from_below_a, uniq_joseph
D:8:      layout_basic, okawaru_metal_pillars_3, nicolae_overflow_crystal_walls,
          grunt_livestock, chequers_serial_rivers_micro_b
D:9:      layout_roguey, gammafunk_temple_overflow_claw
D:10:     minmay_ornate_pinched, layout_irregular_city, dpeg_lair_monsters
Lair:1:   layout_gridlike, pond

Skill      XL: |  1  2  3  4  5  6  7  8  9 10 11 |
---------------+----------------------------------+-----
Conjurations   | 5 6 7 9 11 | 11.0
Dodging        | 2 |  2.0
Stealth        | 2 |  2.0
Spellcasting   | 3 5 7 10 | 10.4
Fighting       | 3 6 7 |  7.0
Evocations     | 4 6 |  6.8
Hexes          | 4 5 |  5.1
Short Blades   | |  0.3
Charms         | |  0.2

Action                   |  1- 3 |  4- 6 |  7- 9 | 10-12 || total
-------------------------+-------+-------+-------+-------++-------
Melee: Unarmed           |    17 |       |       |       ||    17
       Tailslap          |     4 |     8 |     9 |     7 ||    28
       Dagger            |    28 |       |       |       ||    28
       Short sword       |     5 |    58 |    67 |    41 ||   171
 Cast: Magic Dart        |    63 |    98 |   175 |   142 ||   478
       Searing Ray       |       |    16 |    35 |    54 ||   105
       Iskenderun's Myst |       |       |     4 |     7 ||    11
       Iskenderun's Batt |       |       |       |     3 ||     3
  Use: Scroll            |       |     9 |     6 |     4 ||    19
       Potion            |       |       |     1 |     4 ||     5
 Stab: Sleeping          |       |     1 |       |     1 ||     2
  Eat: Chunk             |     2 |     5 |     5 |    11 ||    23
       Ration            |       |     1 |     2 |       ||     3
Armor: Skin              |    35 |    58 |    64 |    71 ||   228
Dodge: Dodged            |    63 |   108 |   101 |   108 ||   380
